 Dungeon Crawl Stone Soup version 0.29.0-13-gc9e81de378 (webtiles) character file.

Game seed: 16501395737215390934

79 enile the Sneak (level 4, 0/27 HPs)
             Began as an Octopode Fire Elementalist on Sept 8, 2022.
             Was a Follower of Makhleb.
             Slain by a gnoll
             ... wielding a +0 flail
              (12 damage)
             ... on level 2 of the Dungeon.
             The game lasted 00:02:10 (1161 turns).

enile the Sneak (Octopode Fire Elementalist)        Turns: 1161, Time: 00:02:10

Health: 0/27       AC:  1    Str:  7    XL:     4   Next: 37%
Magic:  0/7        EV: 13    Int: 19    God:    Makhleb [*.....]
Gold:   47         SH:  0    Dex: 12    Spells: 2/8 levels left

rFire   . . .      SeeInvis .   i - +2 long sword (protect)
rCold   . . .      Faith    .   b - orb {mayhem}
rNeg    . . .      Spirit   +   (helmet restricted)
rPois   .          Reflect  .   h - amulet of guardian spirit
rElec   .          Harm     .   (no ring)
rCorr   .          Rampage  .   (no ring)
Will    .....                   (no ring)
Stlth   +++.......              (no ring)
HPRegen 0.09/turn               (no ring)
MPRegen 0.10/turn               (no ring)
                                (no ring)
                                (no ring)

@: no status effects
A: almost no armour, amphibious, 8 rings, camouflage 1, gelatinous body 1,
(nimble swimmer 1), tentacles
a: Renounce Religion


You were on level 2 of the Dungeon.
You worshipped Makhleb.
Makhleb was aware of your devotion.
You visited 1 branch of the dungeon, and saw 2 of its levels.

You collected 47 gold pieces.

Inventory:

Hand Weapons
 e - a +0 dagger
 i - a +2 long sword of protection (weapon)
Armour
 b - an orb of mayhem (worn)
Jewellery
 h - an amulet of guardian spirit (around mantle)
Scrolls
 g - 3 scrolls of enchant armour {unknown}
 k - a scroll of fear {unknown}
Potions
 a - a potion of magic
 f - a potion of flight {unknown}
 j - a potion of haste {unknown}


   Skills:
 + Level 2.6 Dodging
 + Level 3.8 Stealth
 + Level 2.5 Spellcasting
 + Level 1.9 Conjurations
 + Level 3.4 Fire Magic


You had 2 spell levels left.
You knew the following spells:

 Your Spells              Type           Power      Damage    Failure   Level
a - Foxfire               Conj/Fire      48%        2x1d6     5%          1
b - Scorch                Fire           30%        2d7       6%          2
c - Conjure Flame         Conj/Fire      12%        6-21      16%         3

Your spell library contained the following spells:

 Spells                   Type           Power      Damage    Failure   Level
 Inner Flame              Hex/Fire       8%         N/A       24%         3
 Flame Wave               Conj/Fire      12%        2d6       45%         4
 Malign Gateway           Summ/Tloc      1%         N/A       100%        7
 Summon Horrible Things   Summ           1%         N/A       100%        8


Dungeon Overview and Level Annotations

Branches:
Dungeon (2/15)

Altars:
Cheibriados
Makhleb

Shops:
D:1 :


Innate Abilities, Weirdness & Mutations

You cannot wear most types of armour.
You are amphibious.
You can wear up to eight rings at the same time.
Your skin changes colour to match your surroundings (Stealth+).
Your rubbery body absorbs attacks. (AC +1, EV +1)
((You are camouflaged when in or above water. (Stealth+)))
You have tentacles for arms and can constrict up to eight enemies at once.


Message History

The gnoll's fire resistance burns away.
Casting: Scorch (safe; 6% risk of failure)
Confirm with . or Enter, or press ? or * to list all spells.
Flames lash the gnoll.
The gnoll is severely wounded.
The gnoll's fire resistance burns away.
The gnoll hits you with a +0 club. The gnoll hits you with a +0 flail.
The gnoll attacks as you move away! The gnoll barely misses you.
The gnoll is no longer more vulnerable to fire.
The gnoll attacks as you move away! The gnoll misses you.
You barely miss the gnoll. Your grab misses the gnoll.
The gnoll is severely wounded.
The gnoll is no longer more vulnerable to fire.
The gnoll hits you with a +0 club.
You slash the gnoll!
Your weapon exudes an aura of protection.
You kill the gnoll!
Makhleb accepts your kill.
The dart slug flies into a frenzy!
The dart slug closely misses the gnoll.
The gnoll hits you with a +0 flail.
* * * LOW HITPOINT WARNING * * *
The dart slug bites the gnoll.
You have reached level 4!
It was a potion of curing.
You feel better. The gnoll hits you with a +0 flail.
The dart slug bites the gnoll.
You slash the gnoll!
You kill the gnoll!
Makhleb accepts your kill.
You feel better.
The gnoll flies into a frenzy!
The gnoll hits the dart slug with a +0 flail!
The gnoll hits the dart slug with a +0 flail.
The dart slug dies!
Makhleb accepts your kill. The gnoll attacks as you move away!
The gnoll barely misses you.
You aren't carrying any items that you can evoke.
As you read the scroll labelled SYW YVOMAL YWUNKY, it crumbles to dust.
The creatures around you are filled with an inner flame!
It was a scroll of immolation.
The gnoll closely misses you. The gnoll hits you with a +0 flail!
You die...

.......##.#.#.#........
.>..##.##.......###...#
.### #....#†#.#.###...## #
#.###.........#....#####
.....#.#.#.#.#........#
###.......#....#.#.#.#
...##.####.#........# .
#..............#.#.#.## ...
#..###....@.##........#.#.#
#. #..###g##.#.#.#†......
#... #..))†....)...#.# # #
#.####...##.#.... ...#
#.#.# # # ##### #.....
######.# #


You could see a neutral gnoll (fast, inner flame, strong, insane).

Vanquished Creatures
  3 gnolls (D:2)
  An adder (D:2)
  A dart slug (D:2)
  5 ball pythons
  2 endoplasms
  2 giant cockroaches (D:1)
  5 hobgoblins (D:1)
  3 jackals (D:2)
  3 quokkas (D:1)
  A bat (D:1)
  4 goblins
  A kobold (D:1)
  2 rats
33 creatures vanquished.

Vanquished Creatures (collateral kills)
  A dart slug (D:2)
1 creature vanquished.

Vanquished Creatures (others)
  A jackal (D:2)
  31 foxfires
32 creatures vanquished.

Grand Total: 66 creatures vanquished

Notes
Turn   | Place    | Note
-------+----------+-------------------------------------------
     0 | D:1      | enile the Octopode Fire Elementalist began the quest for
                  | the Orb.
     0 | D:1      | Reached XP level 1. HP: 11/11 MP: 3/3
     5 | D:1      | Found Ydoed's Book Shop.
   104 | D:1      | Reached XP level 2. HP: 14/17 MP: 1/5
   173 | D:1      | Learned a level 2 spell: Scorch
   599 | D:1      | Found a faded altar of an unknown god.
   609 | D:1      | Prayed at the altar of an unknown god.
   609 | D:1      | Became a worshipper of Makhleb the Destroyer
   609 | D:1      | Reached * piety under Makhleb
   713 | D:1      | Reached XP level 3. HP: 20/21 MP: 4/6
   773 | D:1      | Learned a level 3 spell: Conjure Flame
   791 | D:2      | Found a snail-covered altar of Cheibriados.
  1156 | D:2      | Reached XP level 4. HP: 6/27 MP: 1/7
  1161 | D:2      | Slain by a gnoll

Illustrated notes

Levels and vault maps discovered:
D:1:      dpeg_arrival_long_road, layout_basic, ebering_ecumenical_altar_ruins,
          serial_shops, shop
D:2:      layout_loops_cross, basic_altar, serial_glass, glass_columns_b,
          glass_columns_b, glass_columns_b, glass_columns_c, glass_columns_b,
          glass_columns_b, glass_columns_b, glass_columns_a, glass_columns_a,
          glass_columns_a, kennysheep_generic_room_9

Skill      XL: |  1  2 |
---------------+-------+-----
Stealth        | 3 |  3.8
Dodging        | |  2.6
Spellcasting   | |  2.5
Conjurations   | |  1.9
Fire Magic     | |  3.4

Action                   |  1- 3 |  4- 6 || total
-------------------------+-------+-------++-------
Melee: Unarmed           |     3 |       ||     3
       Tentacles         |     6 |       ||     6
       Constrict         |    11 |       ||    11
       Dagger            |     7 |       ||     7
       Long sword        |    36 |     1 ||    37
 Cast: Foxfire           |    18 |       ||    18
       Scorch            |     4 |       ||     4
  Use: Scroll            |       |     1 ||     1
       Potion            |       |     1 ||     1
 Stab: Sleeping          |     5 |       ||     5
Armor: Skin              |    11 |       ||    11
Dodge: Dodged            |    48 |     2 ||    50
